 Dungeon Crawl Stone Soup version 0.16.1-51-g6203257 (webtiles) character file.

230 PnYMaT the Cudgeler (level 5, -16/47 HPs)
             Began as a Minotaur Berserker on Aug 10, 2015.
             Was a Priest of Trog.
             Blown up by Pikel (20 damage)
             ... with a wand of disintegration
             ... on level 4 of the Dungeon.
             The game lasted 00:30:40 (3457 turns).

PnYMaT the Cudgeler (Minotaur Berserker)            Turns: 3457, Time: 00:30:41

Health: -16/47     AC:  5    Str: 25    XL:     5   Next: 72%
Magic:  2/2        EV: 12    Int:  4    God:    Trog [***...]
Gold:   242        SH:  0    Dex:  9    Spells: 0 memorised, 4 levels left

rFire  . . .     SeeInvis .     a - +0 mace
rCold  . . .     Clarity  .     B - +0 ring mail
rNeg   . . .     SustAb   .     (no shield)
rPois  .         Gourm    .     (helmet restricted)
rElec  .         Spirit   .     (no cloak)
rCorr  .         Warding  .     (no gloves)
rMut   .         Stasis   .     (no boots)
MR     .....                    (no amulet)
Stlth  +.........               (no ring)
                                v - +2 ring of strength

@: exhausted, slowed, very slow, not resistant to hostile enchantments, very
unstealthy
A: retaliatory headbutt, horns 2
a: Burn Spellbooks, Berserk, Trog's Hand, Renounce Religion


You were on level 4 of the Dungeon.
You worshipped Trog.
Trog was most pleased with you.
You were not hungry.

You visited 1 branch of the dungeon, and saw 4 of its levels.

You collected 242 gold pieces.

Inventory:

Hand weapons
 a - a +0 mace (weapon)
 c - a +0 hand crossbow
Missiles
 q - 6 curare-tipped needles
 w - 8 poisoned needles
 C - 3 javelins (quivered)
Armour
 B - a +0 ring mail (worn)
Jewellery
 v - a +2 ring of strength (left hand)
Magical devices
 n - a wand of cold (6)
Scrolls
 d - 2 scrolls of noise {unknown}
 f - a scroll of remove curse {unknown}
 h - a scroll of immolation {unknown}
 l - 3 scrolls of teleportation {unknown}
 o - 3 scrolls of random uselessness {unknown}
 p - 2 scrolls of magic mapping {unknown}
Potions
 e - a potion of might {unknown}
 i - 3 potions of heal wounds {unknown}
 k - 2 potions of curing {unknown}
 t - a potion of agility {unknown}
 u - a potion of restore abilities {unknown}
Comestibles
 g - a slice of pizza
 m - a beef jerky


   Skills:
 + Level 4.8 Fighting
 + Level 5.0 Maces & Flails
 + Level 0.4 Throwing
 + Level 3.4 Armour
 + Level 4.1 Dodging
 + Level 1.0 Stealth


You had 4 spell levels left.
You didn't know any spells.

Dungeon Overview and Level Annotations

Branches:
Dungeon (4/15)
 Temple: D:4-7

Altars:
Gozag
Okawaru
Qazlal

Annotations:
D:4 Pikel


Innate Abilities, Weirdness & Mutations

You reflexively headbutt those who attack you in melee.
You have a pair of horns on your head.


Message History

It is a wand of disintegration.
The slave barely misses you. You furiously retaliate!
You headbutt the slave!
You kill the slave!
That felt strangely unrewarding.
The slave misses you.
Pikel zaps a wand.
You barely resist.
Pikel zaps a wand.
You barely resist. The slave hits you but does no damage. The slave hits you.
* * * LOW HITPOINT WARNING * * *
The slave hits you but does no damage.
Read which item? (? for menu, Esc to quit)
Blink to where?
Press: ? - help, Dir - move target cursor, f - slave
Aim: a slave, wearing an animal skin Oops!
There was something there already!
You blink.
As you read the scroll labeled PUAHAG URRU, it crumbles to dust.
It was a scroll of blinking.
Found a scroll labeled STRAONG OTHREI.
Pikel zaps a wand.
You are blasted!
You die...

# .. .. ##?# #..#
#..# ##.. .# #..#
..#### #.@#
...#.## ##..#
#....## #...#
#.)..# #..## .###
#....####p.#
.....#.....##..K#
#.....[.[..p#p..#
######..........#
#....##...## ###


You could see Pikel and 2 slaves.

Vanquished Creatures
  2 slaves (D:4)
  An orc priest (D:4)
  A worker ant (D:4)
  4 gnolls (D:2)
  4 adders
  5 worms
  A giant gecko (D:1)
  2 orcs (D:4)
  2 ball pythons
  3 giant cockroaches
  11 hobgoblins
  4 jackals (D:3)
  4 quokkas
  9 bats
  4 giant newts
  10 goblins
  7 kobolds
  8 rats
82 creatures vanquished.

Notes
Turn   | Place    | Note
--------------------------------------------------------------
     0 | D:1      | PnYMaT, the Minotaur Berserker, began the quest for the Orb.
     0 | D:1      | Reached XP level 1. HP: 19/19 MP: 1/1
   245 | D:1      | Reached XP level 2. HP: 27/27 MP: 1/1
   351 | D:1      | Reached skill level 4 in Maces & Flails
   420 | D:1      | Acquired Trog's second power
   950 | D:2      | Found a stormy altar of Qazlal.
   955 | D:2      | Reached XP level 3. HP: 33/33 MP: 2/2
  1422 | D:2      | Found an opulent altar of Gozag.
  1681 | D:3      | Reached XP level 4. HP: 31/41 MP: 2/2
  2321 | D:2      | Reached skill level 1 in Stealth
  2322 | D:2      | Reached XP level 5. HP: 10/47 MP: 2/2
  3320 | D:4      | Found an iron altar of Okawaru.
  3416 | D:4      | Reached skill level 5 in Maces & Flails
  3419 | D:4      | Noticed a slave
  3437 | D:4      | Killed a slave
  3438 | D:4      | Noticed a slave
  3443 | D:4      | Noticed a slave
  3444 | D:4      | Noticed Pikel
  3444 | D:4      | Noticed a slave
  3448 | D:4      | Killed a slave
  3457 | D:4      | Blown up by Pikel

Action                   |  1- 3 |  4- 6 || total
-------------------------+-------+-------++-------
Melee: Mace              |    87 |   113 ||   200
Throw: Javelin           |     3 |     6 ||     9
       Stone             |       |     1 ||     1
Invok: Berserk           |     2 |     4 ||     6
       Burn Spellbooks   |       |     1 ||     1
  Use: Scroll            |       |     1 ||     1
  Eat: Bread ration      |     1 |     2 ||     3
       Fruit             |       |     1 ||     1
